 Dungeon Crawl Stone Soup version 0.22-a0-305-gd21a89c (webtiles) character file.

197 Borgoz the Skirmisher (level 5, -24/47 HPs)
             Began as a Hill Orc Abyssal Knight on Mar 31, 2018.
             Was a Believer of Lugonu.
             Annihilated by an ogre
             ... wielding a +0 giant club
              (25 damage)
             ... on level 2 of the Dungeon.
             The game lasted 00:07:20 (4363 turns).

Borgoz the Skirmisher (Hill Orc Abyssal Knight)     Turns: 4363, Time: 00:07:21

Health: -24/47     AC:  3    Str: 19    XL:     5   Next: 75%
Magic:  7/7        EV: 12    Int: 12    God:    Lugonu [**....]
Gold:   79         SH:  0    Dex: 13    Spells: 4/4 levels left

rFire    . . .     SeeInvis .   a - +1 hand axe
rCold    . . .     Gourm    .   (no shield)
rNeg     . . .     Faith    .   b - +0 leather armour
rPois    .         Spirit   .   (no helmet)
rElec    .         Reflect  .   (no cloak)
rCorr    .         Harm     .   (no gloves)
MR       .....                  (no boots)
Stlth    +.........             (no amulet)
HPRegen  0.15/turn              m - +2 ring of dexterity
MPRegen  0.10/turn              n - +4 ring of strength

@: no status effects
A: no striking features
a: Depart the Abyss, Bend Space, Renounce Religion


You were on level 2 of the Dungeon.
You worshipped Lugonu.
Lugonu was pleased with you.
You were not hungry.

You visited 1 branch of the dungeon, and saw 6 of its levels.
You visited the Abyss 1 time.

You collected 79 gold pieces.

Inventory:

Hand Weapons
 a - a +1 hand axe (weapon)
Armour
 b - a +0 leather armour (worn)
Jewellery
 f - an uncursed ring of protection from magic
 m - a +2 ring of dexterity (left hand)
 n - a +4 ring of strength (right hand)
Wands
 p - a wand of flame (12)
Scrolls
 d - a scroll of fear
 j - a scroll of immolation {unknown}
 k - a scroll of magic mapping {unknown}
 o - a scroll of noise
Potions
 e - a potion of resistance {unknown}
 g - a potion of heal wounds {unknown}
 i - a potion of haste {unknown}
 l - a potion of curing
Comestibles
 c - 5 rations


   Skills:
 + Level 4.6 Fighting
 + Level 4.2 Axes
 + Level 3.3 Armour
 + Level 2.0 Dodging
 + Level 3.9 Invocations


You had 4 spell levels left.
You didn't know any spells.

Dungeon Overview and Level Annotations

Branches:
Dungeon (6/15)
 Temple: D:4-7

Altars:

Annotations:
D:2 1 runed door


Message History

The ogre is heavily wounded.
You hit the ogre.
The ogre is severely wounded.
The ogre closely misses you.
You hit the ogre.
The ogre is severely wounded.
The ogre hits you with a giant club!
* * * LOW HITPOINT WARNING * * *
You hit the ogre.
The ogre is almost dead.
The ogre closely misses you.
You barely miss the ogre.
The ogre is almost dead.
The ogre hits you with a giant club!
* * * LOW HITPOINT WARNING * * *
You hit the ogre.
The ogre is almost dead.
The ogre hits you with a giant club!!
Ouch! That really hurt!
You die...

.###### >.....#
.####.###########
.####...........#
.#....#########.##
####### #..# ##.#
#.# #####@# ###
##...O.#
+.####......#
##..#......##
###.#....##
########


You could see an ogre.

Vanquished Creatures
  2 bullfrog skeletons (D:5)
  An orc wizard (D:3)
  A worker ant (D:4)
  2 adders
  An ooze (D:3)
  An adder skeleton (D:5)
  2 worms (D:2)
  An orc (D:3)
  A ball python (D:2)
  5 giant cockroaches
  6 goblins
  8 hobgoblins
  2 jackals (D:1)
  7 bats
  3 frilled lizards
  7 kobolds
  10 rats
60 creatures vanquished.

Notes
Turn   | Place    | Note
-------+----------+-------------------------------------------
     0 | Abyss:1  | Borgoz the Hill Orc Abyssal Knight began the quest for the Orb.
     0 | Abyss:1  | Reached XP level 1. HP: 19/19 MP: 2/2
    31 | Abyss:2  | Noticed a vampire
    33 | D:1      | Escaped the Abyss
   440 | D:1      | Reached skill level 1 in Dodging
   440 | D:1      | Reached XP level 2. HP: 23/27 MP: 3/3
   774 | D:1      | Reached * piety under Lugonu
  1401 | D:2      | Reached XP level 3. HP: 31/33 MP: 5/5
  1533 | D:2      | Found a runed door.
  1704 | D:2      | Noticed an ogre
  2809 | D:2      | Reached XP level 4. HP: 37/40 MP: 6/6
  2891 | D:3      | You fall through a shaft for 3 floors!
  2891 | D:6      | Noticed a centaur
  2891 | D:6      | Noticed an ice beast
  2907 | D:5      | Entered Level 5 of the Dungeon
  3341 | D:5      | Reached XP level 5. HP: 20/47 MP: 7/7
  3950 | D:3      | Reached ** piety under Lugonu
  4133 | D:3      | Noticed a sky beast
  4362 | D:2      | HP: 1/47 [ogre/giant club (10)]
  4363 | D:2      | Annihilated by an ogre

Vault maps used:
D:1:      noname_arrival_rooms_in_the_neighbourhood
D:2:      uniq_crazy_yiuf_cottage
D:4:      temple_statues
D:5:      first_ration, kennysheep_generic_room_11
D:6:      hangedman_abyss_or_decor_passed, uniq_pikel, uniq_blork_the_orc

Skill      XL: |  1  2  3  4  5 |
---------------+----------------+-----
Dodging        | 1 2 |  2.0
Axes           | 3 4 |  4.2
Fighting       | 4 |  4.6
Invocations    | 3 |  3.9
Armour         | 3 |  3.3

Action                   |  1- 3 |  4- 6 || total
-------------------------+-------+-------++-------
Melee: Hand axe          |   121 |    89 ||   210
Invok: Depart the Abyss  |     1 |       ||     1
Evoke: Wand              |       |     2 ||     2
  Use: Scroll            |       |     6 ||     6
 Stab: Sleeping          |     2 |       ||     2
  Eat: Chunk             |     6 |     5 ||    11
Armor: Leather armour    |    37 |    10 ||    47
Dodge: Dodged            |    72 |    58 ||   130

Table legend:
 A = Spawn XP
 B = Non-spawn XP
 C = Spawn XP percentage of total XP
 D = Spawn monster count
 E = Non-spawn monster count
 F = Spawn count percentage of total count
 G = Total turns spent on level
                    A         B        C        D         E        F      G
               +---------+---------+-------+---------+---------+-------+---------
         Total |       0 |     282 |   0.0 |       0 |      60 |   0.0 |  4363
               +---------+---------+-------+---------+---------+-------+---------
           D:1 |       0 |      22 |   0.0 |       0 |      15 |   0.0 |  1679
           D:2 |       0 |      60 |   0.0 |       0 |      26 |   0.0 |  1352
           D:3 |       0 |      78 |   0.0 |       0 |      15 |   0.0 |   371
           D:4 |       0 |      33 |   0.0 |       0 |       1 |   0.0 |   264
           D:5 |       0 |      89 |   0.0 |       0 |       3 |   0.0 |   648
               +---------+---------+-------+---------+---------+-------+---------
